 Dungeon Crawl Stone Soup version 0.30-a0-49-g1cef19eb02 (webtiles) character file.

Game seed: 17377576830920072343

209 IdlyInterested the Trooper (level 5, -2/64 HPs)
             Began as a Demonspawn Wanderer on Sept 2, 2022.
             Killed from afar by an orc wizard (8 damage)
             ... with a magic dart
             ... on level 3 of the Dungeon.
             The game lasted 00:08:20 (2684 turns).

IdlyInterested the Trooper (Demonspawn Wanderer)    Turns: 2684, Time: 00:08:20

Health: -2/64      AC: 22    Str: 13    XL:     5   Next: 55%
Magic:  6/6        EV:  2    Int: 13    God:
Gold:   169        SH:  0    Dex: 14    Spells: 5/6 levels left

rFire   + . .      SeeInvis .    a - +3 spear
rCold   . . .      Faith    .    g - orb {*Rage}
rNeg    . . .      Spirit   .    (body armour currently unavailable)
rPois   +          Reflect  .    (helmet currently unavailable)
rElec   .          Harm     .    (cloak currently unavailable)
rCorr   .          Rampage  .    (gloves currently unavailable)
Will    .....      Rage     20%  (boots currently unavailable)
Stlth   +......... NoTele   +    (no amulet)
HPRegen 0.20/turn                d - ring of wizardry
MPRegen 0.10/turn                k - ring of protection from fire

@: confused, brilliant, tree-form, on berserk cooldown
A: stationary, stasis, torment immunity, boosted hp, repulsion field 2
a: no special abilities


You were on level 3 of the Dungeon.
You were a tree.
You visited 1 branch of the dungeon, and saw 4 of its levels.

You collected 169 gold pieces.

Inventory:

Hand Weapons
 a - a +3 spear (weapon)
 o - a +2 dagger of speed
 p - a +2 dagger of venom
Missiles
 f - 5 boomerangs
Armour
 c - a +0 leather armour
 g - an orb of wrath (worn)
 i - a +0 chain mail of fire resistance (melded)
Jewellery
 d - a ring of wizardry (left branch)
 k - a ring of protection from fire (right branch)
Scrolls
 b - a scroll of silence
 e - a scroll of brand weapon {unknown}
 j - 3 scrolls of identify
 m - 4 scrolls of magic mapping {unknown}
 r - 3 scrolls of immolation {unknown}
 t - a scroll of torment {unknown}
Potions
 h - a potion of haste
 l - a potion of resistance
 q - a potion of cancellation


   Skills:
 + Level 4.9 Fighting
 - Level 4.5 Polearms
 - Level 2.0 Armour
 - Level 2.0 Dodging
 - Level 1.0 Spellcasting
 - Level 1.0 Poison Magic
 + Level 1.3 Evocations


You had 5 spell levels left.
You knew the following spells:

 Your Spells              Type           Power      Damage    Failure   Level
a - Sting                 Tmut/Pois      8%         1d3       9%          1

Your spell library contained the following spells:

 Spells                   Type           Power      Damage    Failure   Level
 Static Discharge         Conj/Air       0%         3-3/arc   16%         2
 Spider Form              Tmut/Pois      2%         N/A       26%         3
 Lightning Bolt           Conj/Air       0%         1d11      95%         5
 Maxwell's Capacitive Co  Air            0%         ∞         100%        8


Dungeon Overview and Level Annotations

Branches:
Dungeon (4/15)
 Temple: D:4-7

Altars:

Shops:
D:1 =


Innate Abilities, Weirdness & Mutations

You are a tree.
Your roots penetrate the ground, keeping you stationary.
You cannot be teleported.
You are immune to unholy pain and torment.
Your maximum health is greatly increased.
Your equipment is partially melded.
You are surrounded by a moderate repulsion field. (EV +3)


Message History

You hear some strange, mumbled words.
Something tries to affect you, but you resist.
It was a potion of cancellation.
Your magical effects are unravelling.
You feel magically purged.
You feel yourself speed up. Something completely misses you.
Something hits you but does no damage.
It was a potion of brilliance.
You feel clever all of a sudden. Something hits you but does no damage.
It was a potion of lignification.
You turn into a tree.
Your +0 chain mail of fire resistance melds into your body.
You feel less resistant to fire.
Your roots penetrate the ground.
Something hits you but does no damage.
You cannot move.
You cannot move.
You cannot move.
You cannot move.
You cannot move.
You cannot move.
You cannot move.
You cannot move.
You hit something. Something hits you but does no damage.
You closely miss something. You miss something.
Something hits you but does no damage.
You hit something. Something hits you but does no damage.
You closely miss something. Something completely misses you.
You miss something.
You hear some strange, mumbled words.
You are confused.
You nearly hit yourself!
Something hits you but does no damage.
You miss something. Something hits you.
* * * LOW HITPOINT WARNING * * *
You swing at nothing.
Something hits you but does no damage.
You swing at nothing.
Something hits you but does no damage.
You completely miss something.
You hear some strange, mumbled words.
A magic dart appears from out of thin air!
The magic dart hits you!
You die...

.).##≈~~≈~..#......#.##.......#
≈.~≈≈≈≈~~~.>..##..##<##.......###
..≈≈≈≈≈≈≈#.##.##..##..'..........
⌠..~≈##≈†#.##......<.##........##
..~≈≈≈≈~#..#########.##........#
~~##≈≈~#...# #.##.#######'#.#
≈~≈≈≈.#..### #.)..# #.#.#
~.~≈##..#########...## #.#.#
..####### #.....♣##.# #.#.# ###
#.....{...# #.#.## #.......#.....
#.#... #.......#.#### #.####
#.......#.# #..... #.......#.#
#####. #.......#.# #. #........
#. #.


There were no monsters in sight!

Vanquished Creatures
  A jelly (D:4)
  An orc priest (D:3)
  3 gnolls (D:3)
  3 adders
  A worm (D:2)
  9 dart slugs
  4 orcs (D:3)
  5 ball pythons
  5 endoplasms
  2 giant cockroaches
  A goblin (D:1)
  6 hobgoblins
  6 jackals
  6 quokkas
  5 bats
  4 frilled lizards
  3 kobolds
  7 rats
72 creatures vanquished.

Notes
Turn   | Place    | Note
-------+----------+-------------------------------------------
     0 | D:1      | IdlyInterested the Demonspawn Wanderer began the quest for
                  | the Orb.
     0 | D:1      | IdlyInterested set off with the following items: a +3
                  | spear, a scroll of silence, a +0 leather armour; and the
                  | following spell memorised: Sting; and the following spells
                  | available to memorise: Spider Form.
     0 | D:1      | Reached XP level 1. HP: 18/18 MP: 2/2
   242 | D:1      | Reached skill level 1 in Armour
   242 | D:1      | Gained mutation: You are surrounded by a mild repulsion
                  | field. (EV +2) [demonic ancestry]
   242 | D:1      | Reached XP level 2. HP: 24/24 MP: 3/3
   683 | D:1      | Found Oghedi's One-of-a-Kind Rings.
   708 | D:1      | Reached XP level 3. HP: 26/29 MP: 4/4
  1387 | D:2      | You fall into a shaft and drop 2 floors!
  1401 | D:4      | Reached skill level 1 in Dodging
  1401 | D:4      | Gained mutation: You are surrounded by a moderate repulsion
                  | field. (EV +3) [demonic ancestry]
  1401 | D:4      | Reached XP level 4. HP: 37/37 MP: 5/5
  1905 | D:3      | Reached XP level 5. HP: 28/43 MP: 6/6
  2151 | D:2      | Found a faded altar of an unknown god.
  2648 | D:3      | Reached skill level 1 in Evocations
  2684 | D:3      | Killed from afar by an orc wizard

Illustrated notes

Levels and vault maps discovered:
D:1:      erik_arrival_cave_to_civilisation [erik_arrival_cave_to_hall],
          layout_basic, minmay_misc_feat_five,
          nicolae_concentric_dashed_squares_wild, nicolae_shop_unique_rings
D:2:      layout_rooms, serial_corexii_hall, chequers_hall_statues_y,
          chequers_hall_statues_y, shapermc_ecumenical_altar_venn
D:3:      kennysheep_slugbush, layout_basic, minmay_misc_feat_tower
D:4:      layout_loops_corners, ashenzari_conservatory_becter, minmay_crossroads

Skill      XL: |  1  2  3  4  5 |
---------------+----------------+-----
Armour         | 1 2 |  2.0
Fighting       | 4 |  4.9
Dodging        | 1 2 |  2.0
Evocations     | 1 |  1.3
Polearms       | |  4.5
Spellcasting   | |  1.0
Poison Magic   | |  1.0

Action                   |  1- 3 |  4- 6 || total
-------------------------+-------+-------++-------
Melee: Spear             |   105 |   123 ||   228
 Cast: Sting             |     5 |       ||     5
  Use: Scroll            |     5 |       ||     5
       Potion            |       |     3 ||     3
 Stab: Sleeping          |     1 |       ||     1
Armor: Leather armour    |     3 |       ||     3
       Chain mail        |    42 |    50 ||    92
       Ring mail         |     4 |       ||     4
       Skin              |       |     7 ||     7
Dodge: Dodged            |    46 |    40 ||    86

Table legend: (Time is in decaauts)
 A = Elapsed time spent in this place.
 B = Non-inter-level travel time spent in this place.
 C = Inter-level travel time spent in this place.
 D = Time resting spent in this place.
 E = Time spent auto-exploring this place.
 F = Levels seen in this place.
 G = Mean time per level.
                   A        B        C        D        E       F      G
               +--------+--------+--------+--------+--------+-----+--------+
         Total |   2748 |   2484 |    264 |    315 |   1450 |   4 |  687.0 |
       Dungeon |   2748 |   2484 |    264 |    315 |   1450 |   4 |  687.0 |
               +--------+--------+--------+--------+--------+-----+--------+

Top non-repeatable levels by time:
     D:1: 941 daAuts
     D:3: 934 daAuts
     D:2: 835 daAuts
     D:4: 37 daAuts
